Map: [ESL] Dragon Scales

Players

Kelazhur - Winner!

  • Race: Terran Terran
  • Spawn Location: 5:00

MaSa

  • Race: Terran Terran
  • Spawn Location: 11:00

Event: ESL SC2 Masters 2023 Summer (Regionals)

VOD

Have the link to the VOD?

Description

Time

  • Played on: May 19, 2023, 3:21 p.m.
  • Length: 6:17

All games in this series

Show
View Real Time Build Order
Export as new Build Order

Kelazhur Terran - Winner!

Build Orders:  

Get SALT Encoding   

  12  0:00  SCV  
  13  0:12  SCV  
  14  0:17  Supply Depot  
  14  0:24  SCV  
  15  0:38  SCV  
  15  0:39  Barracks  
  16  0:43  Refinery  
  16  0:50  SCV  
  17  0:58  Barracks  
  17  1:02  SCV  
  18  1:09  Refinery  
  18  1:14  SCV  
  19  1:26  Reaper  
  19  1:29  Orbital Command  
  20  1:38  Supply Depot  
  20  1:45  Reaper  
  21  1:55  SCV  
  21  1:58  Reaper  
  23  2:08  Factory  
  23  2:10  SCV  
  24  2:17  Reaper  
  24  2:22  SCV  
  26  2:28  Supply Depot  
  26  2:30  Reaper  
  26  2:34  SCV  
  28  2:46  SCV  
  29  2:54  Hellion  
  29  2:58  SCV, Reaper  
  32  3:06  Command Center  
  32  3:09  Reaper  
  32  3:10  SCV  
  34  3:16  Hellion  
  35  3:30  SCV  
  36  3:39  Starport, Supply Depot  
  38  3:42  SCV, Factory Tech Lab  
  38  3:45  Barracks Reactor  
  38  3:46  Barracks Tech Lab  
  36  3:54  SCV  
  37  4:01  Cyclone  
  37  4:02  Refinery  
  34  4:21  Marine x3  
  34  4:22  Stimpack  
  34  4:23  Starport Tech Lab  
  37  4:26  SCV  
  37  4:27  Orbital Command  
  38  4:33  Siege Tank  
  42  4:38  SCV  
  42  4:41  Marine x3  
  45  4:47  Raven  
  45  4:50  SCV  
  48  4:54  SCV  
  48  4:58  Marine x2  
  48  4:59  Marine  
  52  5:02  SCV  
  52  5:06  SCV  
  53  5:14  SCV  
  53  5:16  Marine x2  
  53  5:18  SCV  
  57  5:23  Raven  
  57  5:24  Siege Tank  
  57  5:26  Supply Depot  
  62  5:38  SCV  
  62  5:48  Marine x3, SCV  
  66  5:51  SCV  
  66  5:53  Supply Depot  
  67  5:59  Command Center  
  67  6:00  SCV  
Show
View Real Time Build Order
Export as new Build Order

MaSa Terran 

Build Orders: Banshee Rush 

Get SALT Encoding   

  12  0:00  SCV  
  13  0:12  SCV  
  14  0:17  Supply Depot  
  14  0:24  SCV  
  15  0:38  SCV  
  15  0:39  Barracks  
  16  0:42  Refinery  
  16  0:50  Refinery  
  16  0:53  SCV  
  17  1:05  SCV  
  18  1:17  SCV  
  19  1:26  Reaper  
  19  1:29  Orbital Command  
  20  1:39  Factory  
  20  1:53  Supply Depot  
  20  1:55  SCV  
  20  1:58  Reaper  
  22  2:07  SCV  
  23  2:22  SCV  
  24  2:23  Hellion  
  26  2:31  Barracks Reactor  
  26  2:40  Command Center  
  26  2:46  Factory Tech Lab  
  26  2:47  Starport  
  25  2:56  SCV  
  25  3:07  Cyclone  
  25  3:08  Marine x2  
  25  3:23  SCV  
  24  3:33  Marine x2  
  24  3:36  SCV  
  25  3:46  Banshee  
  25  3:48  SCV  
  29  3:50  Cloaking Field  
  29  3:53  Marine x2  
  29  3:55  Factory Tech Lab  
  31  4:01  Command Center  
  31  4:11  SCV  
  31  4:16  Marine x2  
  31  4:23  SCV  
  29  4:36  Supply Depot  
  29  4:37  SCV  
  30  4:44  Marine  
  31  4:57  Marine, Banshee  
  31  4:58  SCV  
  36  5:03  Siege Tank  
  39  5:13  SCV  
  40  5:14  Marine  
  40  5:15  Marine  
  39  5:25  SCV  
  40  5:32  Marine  
  40  5:33  Marine  
  40  5:35  Siege Tank  
  45  5:37  SCV  
  45  5:38  Refinery  
  49  5:47  Orbital Command  
  49  5:49  SCV  
  50  5:53  Marine x2  
  52  6:01  Supply Depot  
  52  6:03  SCV  
Tags
 
Add a new tag
Caveats
  • Supply blocks, unpowered buildings, or Contaminate may cause inaccurate times.
  • Supply counts are checked every 10 seconds.